 Dungeon Crawl Stone Soup version 0.29-a0-88-g03a7b78be7 (webtiles) character file.

Game seed: 7133200105733174798

1537 enile the Skirmisher (level 8, -1/78 HPs)
             Began as an Ogre Fire Elementalist on Feb 5, 2022.
             Was a Priest of Lugonu.
             Slain by a gnoll sergeant (12 damage)
             ... on level 6 of the Dungeon.
             The game lasted 00:11:15 (7738 turns).

enile the Skirmisher (Ogre Fire Elementalist)       Turns: 7738, Time: 00:11:15

Health: -1/78      AC:  5    Str: 11    XL:     8   Next: 86%
Magic:  13/23      EV:  8    Int: 18    God:    Lugonu [***...]
Gold:   76         SH:  7    Dex:  9    Spells: 12/15 levels left

rFire   . . .      SeeInvis +   u - +0 broad axe (freeze)
rCold   . . .      Faith    .   j - +0 kite shield
rNeg    . . .      Spirit   .   r - +2 robe {Will+}
rPois   .          Reflect  .   (helmet restricted)
rElec   .          Harm     .   (no cloak)
rCorr   .          Rampage  .   (gloves unavailable)
Will    +....                   (boots unavailable)
Stlth   +.........              (no amulet)
HPRegen 0.23/turn               h - ring of magical power
MPRegen 0.18/turn               p - ring of see invisible

@: no status effects
A: large, unfitting armour, tough skin 1, frail 1, weak 1
a: Renounce Religion, Depart the Abyss, Bend Space, Banish


You were on level 6 of the Dungeon.
You worshipped Lugonu.
Lugonu was most pleased with you.
You visited 1 branch of the dungeon, and saw 6 of its levels.

You collected 223 gold pieces.
You spent 147 gold pieces at shops.

Inventory:

Hand Weapons
 f - a +0 scythe
 q - a +1 dagger of protection
 u - a +0 broad axe of freezing (weapon)
Armour
 a - a +0 robe
 j - a +0 kite shield (worn)
 n - a +0 tower shield
 r - a +2 robe of willpower (worn)
Magical Staves
 l - a staff of earth
 v - a staff of death
Jewellery
 h - a ring of magical power (left hand)
 p - a ring of see invisible (right hand)
 s - a ring of positive energy
Wands
 c - a wand of polymorph (9)
Scrolls
 b - 2 scrolls of teleportation
 t - a scroll of vulnerability
 w - a scroll of brand weapon {unknown}
Potions
 d - 2 potions of brilliance
 e - 4 potions of curing
 g - a potion of magic
 i - a potion of cancellation
 k - a potion of might
 o - a potion of degeneration {unknown}


   Skills:
 + Level 7.6 Fighting
 - Level 2.0 Dodging
 - Level 1.4 Stealth
 - Level 3.0 Shields
 - Level 4.0 Spellcasting
 - Level 2.0 Conjurations
 - Level 7.0 Fire Magic
 - Level 2.0 Invocations


You had 12 spell levels left.
You knew the following spells:

 Your Spells              Type           Power      Damage    Failure   Level
a - Foxfire               Conj/Fire      76%        2x1d7     5%          1
b - Scorch                Fire           56%        2d8       3%          2

Your spell library contained the following spells:

 Spells                   Type           Power      Damage    Failure   Level
 Conjure Flame            Conj/Fire      19%        6-21      16%         3
 Inner Flame              Hex/Fire       16%        N/A       24%         3
 Flame Wave               Conj/Fire      19%        2d6       47%         4
 Borgnjor's Revivificati  Necr           1%         N/A       100%        8
 Necromutation            Tmut/Necr      1%         N/A       100%        8
 Death's Door             Necr           1%         N/A       100%        9


Dungeon Overview and Level Annotations

Branches:
Dungeon (6/15)
 Temple: D:4-7

Altars:
Dithmenos
Lugonu

Shops:
D:1 [[(

Annotations:
D:3 2 runed translucent doors, Crazy Yiuf; hgbash's ghost, amateur GrEE
D:5 3 runed translucent doors, lordive's ghost, amateur NaIE


Innate Abilities, Weirdness & Mutations

You are too large for most types of armour.
You have tough skin. (AC +1)
You are frail. (-10% HP)
You are weak. (Str -2)


Message History

Confirm with . or Enter, or press ? or * to list all spells.
Flames lash the gnoll.
The gnoll is burned terribly!
You kill the gnoll!
Lugonu accepts your kill.
The gnoll sergeant hits you from afar with a +0 spear.
The gnoll barely misses you.
You block the gnoll sergeant's attack. x2
The gnoll hits you from afar with a +0 spear!
You block the gnoll sergeant's attack.
The gnoll sergeant hits you but does no damage.
The gnoll sergeant hits you from afar with a +0 spear.
The gnoll sergeant barely misses you. You block the gnoll sergeant's attack.
You block the gnoll sergeant's attack.
You see here a scorpion corpse.
Throw: throwing net
Press: ? - help, Q - select action, (/) - cycle Shift-Dir - straight line, f/p - gnoll sergeant
Aim: a gnoll sergeant, wielding a +0 spear and wearing a +0 scale mail (moderately wounded, fast, 65% to hit)
You throw a throwing net.
The throwing net hits the gnoll sergeant.
The gnoll sergeant is caught in the net!
The gnoll sergeant is moderately wounded.
The gnoll sergeant struggles against the net. x2
The gnoll sergeant struggles against the net. x2
Casting: Scorch (safe; 3% risk of failure)
Confirm with . or Enter, or press ? or * to list all spells.
Flames lash the gnoll sergeant but do no damage.
The gnoll sergeant struggles against the net.
The net rips apart, and the gnoll sergeant comes free!
Casting: Scorch (safe; 3% risk of failure)
Confirm with . or Enter, or press ? or * to list all spells.
Flames lash the gnoll sergeant but do no damage.
The gnoll sergeant hits you from afar with a +0 spear!
* * * LOW HITPOINT WARNING * * *
The gnoll sergeant hits you from afar with a +0 spear!
* * * LOW HITPOINT WARNING * * *
The gnoll sergeant closely misses you.
Okay, then.
Found 6 gold pieces.
The gnoll sergeant hits you from afar with a +0 spear!
You die...

#.# #.# .# #.# ...
###.####... ..........
...#..... #........
##########@.......
#....gg†g..##..$..
#....#####.# ...
#....# #..# ..
#....######.#.... ##≈≈
#.....)...)......
#≈≈.≈
#....##).........
≈≈8.8
#..>.##..........##..
..._.
#....##..........#...#
≈8.8


You could see a gnoll sergeant (fast) and 2 gnolls.

Vanquished Creatures
  Sigmund (D:2)
  Eustachio (D:4)
  A warg (D:4)
  A sky beast (D:5)
  2 centaurs
  Blork the orc (D:5)
  2 scorpions
  A water moccasin zombie (D:5)
  A water moccasin skeleton (D:5)
  A bullfrog zombie (D:5)
  2 hounds (D:4)
  A jelly (D:5)
  2 bullfrog skeletons (D:5)
  A gnoll shaman (D:5)
  4 iguanas
  An orc wizard (D:4)
  2 hound zombies (D:5)
  A hound skeleton (D:4)
  8 adders
  5 gnolls
  An ufetubus (D:4)
  A worm (D:2)
  5 dart slugs
  7 orcs
  4 endoplasms
  4 giant cockroaches
  5 goblins
  4 hobgoblins
  4 kobolds
  4 quokkas
  6 ball pythons
  8 bats
  4 frilled lizards
  6 rats
102 creatures vanquished.

Vanquished Creatures (others)
  348 foxfires
348 creatures vanquished.

Grand Total: 450 creatures vanquished

Notes
Turn   | Place    | Note
-------+----------+-------------------------------------------
     0 | D:1      | enile the Ogre Fire Elementalist began the quest for the
                  | Orb.
     0 | D:1      | Reached XP level 1. HP: 16/16 MP: 3/3
   122 | D:1      | Reached skill level 1 in Conjurations
   158 | D:1      | Found Plog's Armour Emporium.
   248 | D:1      | Reached skill level 1 in Fighting
   349 | D:1      | Reached XP level 2. HP: 27/27 MP: 3/5
   421 | D:1      | Found Rufestri's Antique Armour Shop.
   481 | D:1      | Found a faded altar of an unknown god.
   569 | D:1      | Found Seerud's Antique Weapon Shop.
   596 | D:1      | Prayed at the altar of an unknown god.
   596 | D:1      | Became a worshipper of Lugonu the Unformed
   596 | D:1      | Reached * piety under Lugonu
   596 | D:1      | Reached ** piety under Lugonu
  1336 | D:2      | Noticed Sigmund
  1372 | D:1      | Learned a level 2 spell: Scorch
  1427 | D:2      | Killed Sigmund
  1428 | D:2      | Reached XP level 3. HP: 33/39 MP: 0/8
  1428 | D:2      | Reached XP level 4. HP: 41/48 MP: 0/10
  1428 | D:2      | Reached XP level 5. HP: 46/54 MP: 0/11
  1850 | D:2      | Reached skill level 5 in Fighting
  1850 | D:2      | Reached skill level 1 in Invocations
  1850 | D:2      | Reached XP level 6. HP: 53/66 MP: 0/12
  2841 | D:3      | Found a runed translucent door.
  2841 | D:3      | Noticed an ice beast
  2841 | D:3      | Noticed hgbash's ghost (amateur GrEE)
  3112 | D:3      | Found a runed translucent door.
  3118 | D:3      | Noticed Crazy Yiuf
  3242 | D:3      | Reached *** piety under Lugonu
  3418 | D:3      | Gained mutation: You are frail. (-10% HP) [potion of
                  | mutation]
  3418 | D:3      | Gained mutation: You are weak. (Str -2) [potion of
                  | mutation]
  3482 | D:4      | Noticed Eustachio
  3513 | D:4      | Killed Eustachio
  3514 | D:4      | Reached XP level 7. HP: 51/64 MP: 10/13
  4037 | D:4      | Reached skill level 5 in Fire Magic
  4735 | D:5      | Entered Level 5 of the Dungeon
  4868 | D:1      | Bought a glowing broad axe for 147 gold pieces
  5067 | D:4      | Noticed a warg
  5067 | D:4      | an ogre changed into a warg
  5074 | D:4      | Killed a warg
  5640 | D:5      | Reached XP level 8. HP: 74/74 MP: 14/14
  6426 | D:5      | Found a runed translucent gate.
  6429 | D:5      | Found a runed translucent gate.
  6429 | D:5      | Found a runed translucent gate.
  6432 | D:5      | Noticed lordive's ghost (amateur NaIE)
  6489 | D:5      | Noticed Blork the orc
  6786 | D:5      | Killed Blork the orc
  6787 | D:5      | Reached skill level 1 in Shields
  7529 | D:6      | Found a shadowy altar of Dithmenos.
  7738 | D:6      | Slain by a gnoll sergeant

Illustrated notes

Levels and vault maps discovered:
D:1:      kennysheep_arrival_seaside, layout_loops_ring, serial_shops,
          shop_fountains, nicolae_shop_statue_plus, shop,
          ebering_ecumenical_altar_box
D:2:      layout_basic, kennysheep_generic_room_15, uniq_sigmund
D:3:      minmay_spotlight, layout_rooms, ebering_ghost_inner_flame,
          uniq_crazy_yiuf_cottage
D:4:      layout_gridville, uniq_eustachio
D:5:      layout_rooms, gammafunk_ghost_necromancy, st_stairs_9,
          uniq_blork_the_orc
D:6:      layout_rooms, kennysheep_small_circle

Skill      XL: |  1  2  3  4  5  6  7  8 |
---------------+-------------------------+-----
Conjurations   | 1 2 |  2.0
Fighting       | 1 4 5 6 7 |  7.6
Dodging        | 2 |  2.0
Spellcasting   | 4 |  4.0
Fire Magic     | 3 4 6 7 |  7.0
Invocations    | 1 2 |  2.0
Shields        | 3 |  3.0
Stealth        | |  1.4

Action                   |  1- 3 |  4- 6 |  7- 9 || total
-------------------------+-------+-------+-------++-------
Melee: Scythe            |       |    17 |       ||    17
       Broad axe         |       |       |    34 ||    34
Throw: Throwing net      |       |       |     2 ||     2
 Cast: Foxfire           |    51 |    85 |    69 ||   205
       Scorch            |     3 |    22 |    86 ||   111
Invok: Bend Space        |       |     1 |     2 ||     3
Evoke: Wand              |       |       |     1 ||     1
  Use: Potion            |       |     2 |     2 ||     4
       Scroll            |       |     7 |     2 ||     9
Armor: Robe              |     3 |     8 |    60 ||    71
Dodge: Dodged            |    10 |    21 |    92 ||   123
Block: Kite shield       |       |       |    26 ||    26

Table legend: (Time is in decaauts)
 A = Elapsed time spent in this place.
 B = Non-inter-level travel time spent in this place.
 C = Inter-level travel time spent in this place.
 D = Time resting spent in this place.
 E = Time spent auto-exploring this place.
 F = Levels seen in this place.
 G = Mean time per level.
                   A        B        C        D        E       F      G
               +--------+--------+--------+--------+--------+-----+--------+
         Total |   7803 |   7407 |    396 |   1049 |   5207 |   6 | 1300.5 |
       Dungeon |   7803 |   7407 |    396 |   1049 |   5207 |   6 | 1300.5 |
               +--------+--------+--------+--------+--------+-----+--------+

Top non-repeatable levels by time:
     D:4: 2043 daAuts
     D:5: 1831 daAuts
     D:1: 1481 daAuts
     D:2: 1350 daAuts
     D:3: 878 daAuts
     D:6: 218 daAuts
